 Dungeon Crawl Stone Soup version 0.21.1-1-g345015f (webtiles) character file.

71214 grindst0ne the Warrior (level 15, -37/129 HPs)
             Began as a Formicid Fighter on Feb 27, 2018.
             Was a High Priest of the Shining One.
             Killed from afar by Roxanne (55 damage)
             ... with an iron shot
             ... on level 14 of the Dungeon.
             The game lasted 00:52:40 (26991 turns).

grindst0ne the Warrior (Formicid Fighter)          Turns: 26991, Time: 00:52:40

Health: -37/129    AC: 23    Str: 21    XL:     15   Next: 81%
Magic:  26/26      EV:  8    Int: 11    God:    the Shining One [*****.]
Gold:   552        SH: 15    Dex: 10    Spells: 14/14 levels left

rFire    + . .     SeeInvis +   C - +1 battleaxe (freeze)
rCold    + . .     Gourm    +   E - +2 shield {rC+}
rNeg     + + .     Faith    .   d - +2 plate armour {rF+}
rPois    +         Spirit   .   (helmet unavailable)
rElec    .         Reflect  .   z - +2 cloak {+Inv}
rCorr    .         Harm     .   (no gloves)
MR       +++..                  h - +2 pair of boots
Stlth    ..........             P - amulet of the Salmon {Gourm +Fly MR+ Int-3 Stlth+}
HPRegen  0.31/turn              t - ring of protection from magic
MPRegen  0.20/turn              S - ring of poison resistance

@: glowing
A: permanent stasis, dig shafts and tunnels, four strong arms, antennae 3
a: Dig, Shaft Self, Divine Shield, Cleansing Flame, Summon Divine Warrior,
Renounce Religion, Evoke Invisibility, Evoke Flight


You were on level 14 of the Dungeon.
You worshipped the Shining One.
The Shining One was extremely pleased with you.
You were very full.

You visited 2 branches of the dungeon, and saw 20 of its levels.
You also visited: Sewer, Ice Cave and Volcano.

You collected 1455 gold pieces.
You spent 903 gold pieces at shops.

Inventory:

Hand Weapons
 p - a +0 triple sword
 C - a +1 battleaxe of freezing (weapon)
 R - a +2 broad axe of flaming
Missiles
 s - 2 throwing nets (quivered)
Armour
 d - a +2 plate armour of fire resistance (worn)
 h - a +2 pair of boots (worn)
 z - a +2 cloak of invisibility (worn)
 E - a +2 shield of cold resistance (worn)
 G - the +5 chain mail "Seisonepua" {rN+ MR+}
   (You bought it in a shop on level 8 of the Dungeon)

   It protects you from negative energy.
   It affects your resistance to hostile enchantments.
 O - a scarf of repulsion
Jewellery
 r - an uncursed ring of protection from magic
 t - a ring of protection from magic (left hand)
 F - an uncursed ring of magical power
 P - the amulet of the Salmon (around neck) {Gourm +Fly MR+ Int-3 Stlth+}
   (You found it on level 3 of the Lair of Beasts)

   [amulet of the gourmand]

   It allows you to eat raw meat even when not hungry.
   It affects your intelligence (-3).
   It affects your resistance to hostile enchantments.
   It lets you fly.
   It makes you more stealthy.
 S - a ring of poison resistance (right hand)
Wands
 a - a wand of paralysis (18)
 b - a wand of flame (26)
 n - a wand of acid (4)
 H - a wand of enslavement (27)
 T - a wand of digging (9)
 U - a wand of disintegration (14)
Scrolls
 i - a scroll of silence
 l - 6 scrolls of enchant weapon {unknown}
 m - 14 scrolls of teleportation {unknown}
 v - 5 scrolls of magic mapping
 w - 4 scrolls of amnesia
 x - 8 scrolls of fog
 y - 2 scrolls of fear
 A - 7 scrolls of remove curse
 B - 2 scrolls of enchant armour
 D - a scroll of summoning
 M - 3 scrolls of brand weapon
 N - a scroll of acquirement
Potions
 c - 3 potions of resistance {unknown}
 e - 3 potions of magic
 j - a potion of curing
 o - 6 potions of mutation
 q - 11 potions of brilliance
 u - 3 potions of flight
 J - a potion of ambrosia
 K - a potion of cancellation
 L - 5 potions of lignification
 Q - 3 potions of might
 W - 2 potions of agility
Books
 k - a book of Enchantments

   Spells                             Type                      Level
   a - Cause Fear                     Hexes                        4
   b - Yara's Violent Unravelling     Hexes/Transmutation          5
   c - Silence                        Hexes/Air                    5
   d - Deflect Missiles               Charms/Air                   6
   e - Discord                        Hexes                        8
Miscellaneous
 V - a lamp of fire
Comestibles
 f - 28 rations


   Skills:
 + Level 15.2 Fighting
 - Level 3.3 Long Blades
 - Level 8.1 Axes
 + Level 9.6 Armour
 + Level 4.5 Dodging
 - Level 15.0 Shields
 - Level 15.0 Invocations
 - Level 6.0 Evocations


You had 14 spell levels left.
You didn't know any spells.

Dungeon Overview and Level Annotations

Branches:
Dungeon (14/15)            Temple (0/1) D:7            Lair (6/6) D:11
  Swamp (0/4) Lair:4       Spider (0/4) Lair:4        Slime (0/5) Lair:5
    Orc (0/2) D:11
 Vaults: D:13-14

Altars:
Cheibriados
Dithmenos
Fedhas
Gozag
Kikubaaqudgha
Xom
The Shining One

Shops:
D:8 [([?   D:11 [

Portals:
Trove: D:12 (give +7 demon blade)

Annotations:
D:14 exclusion: Roxanne, Roxanne


Innate Abilities, Weirdness & Mutations

You cannot be hasted, slowed, berserked, paralysed or teleported.
You can dig through walls and to a lower floor.
Your four strong arms can wield two-handed weapons with a shield.
You have a pair of large antennae on your head. (SInv)


Message History

You hit Roxanne but do no damage.
Roxanne is severely damaged.
You feel much better.
Roxanne asks, "Could you be a darling and pick up those spellbooks for me?"
Roxanne mumbles some strange words.
You block the crystal spear.
Evoke which item? (* to show all) (? for menu, Esc to quit)
Aiming: Corrosive Bolt
Press: ? - help, Shift-Dir - straight line, f/p - Roxanne
Aim: Roxanne (severely damaged, covered in acid, haloed)
The bolt of acid hits Roxanne.
Roxanne is splashed with acid.
Roxanne is severely damaged.
Roxanne mumbles some strange words.
The orb of energy hits you!
* * * LOW HITPOINT WARNING * * *
You feel better.
You feel better.
Roxanne casts a spell.
The iron shot hits you!
You die...

...,,,,,,,....8.....#.##
...,,,,,,............#.#
...,,,,,...............#
..,,,,,...............##
.,,,,,,................#
***,,,,...............##
*,,,,................#
*,,,,###......#...#..#
*,,,*####.....@##.##.#
***,,,*####........#..##
,,,,,,*####..8.)....###
,,,,,,,###........###
,,,,,,,............#
,,,,,,,...........##
,,,,,,,........####
,,,,,,,........#
,,,,,,,.......##


You could see Roxanne.

Vanquished Creatures
  A frost giant (IceCv)
  Azrael (D:12)
  Josephine (D:12)
  2 hydras
  A centaur warrior (D:14)
  A queen ant (Lair:2)
  2 death yaks (Lair:2)
  5 two-headed ogres
  A death knight (D:14)
  A hell hog (Volcano)
  A fire crab (Volcano)
  4 unseen horrors
  A lindwurm (Lair:5)
  A deep elf mage (D:12)
  2 ugly things
  4 oklob plants (Lair:5)
  3 cyclopes
  Maurice (D:12)
  3 ice statues (IceCv)
  5 black mambas
  A torpor snail (Lair:2)
  12 spiny frogs
  4 centaur skeletons
  2 gargoyles
  2 ice devils (D:14)
  A rime drake (Lair:6)
  8 komodo dragons
  A meliai (shapeshifter) (D:13)
  5 hornets
  3 trolls
  The ghost of letownia2 the Charmwright, an amateur GnSk of Cheibriados (D:7)
  22 polar bears
  6 hippogriffs
  6 slime creatures (D:13)
  6 blink frogs
  6 dream sheep (Lair:6)
  A meliai zombie (D:12)
  15 spriggans
  39 yaks
  A vampire (D:10)
  4 wyverns
  4 wraiths
  8 fire bats (Volcano)
  3 basilisks
  3 steam dragons
  9 vampire mosquitoes
  3 wargs (D:11)
  18 soldier ants (Lair:2)
  2 acid dragons
  6 hell hounds
  11 water moccasins
  Duvessa (D:5)
  8 porcupines
  2 ice beasts
  A sky beast (D:3)
  A hornet zombie (D:11)
  6 orc warriors
  2 phantoms
  4 black bears
  11 ogres
  4 boggarts (Lair:6)
  30 wolves
  11 crocodiles
  7 centaurs
  6 big kobolds
  2 wyvern zombies
  10 bullfrogs
  2 wyvern skeletons
  A water moccasin zombie (D:7)
  4 scorpions
  11 killer bees
  16 wights
  6 howler monkeys
  4 crimson imps
  A bullfrog zombie (D:13)
  9 lava snakes (Volcano)
  4 jellies
  12 orc priests
  4 centaur zombies
  4 hounds
  2 quasits
  2 bullfrog skeletons
  6 iguanas
  12 orc wizards
  27 worker ants
  2 hound skeletons
  A worker ant zombie (D:11)
  A howler monkey zombie (D:11)
  3 gnolls (D:4)
  19 adders
  A river rat (Sewer)
  4 shadow imps
  An adder zombie (D:5)
  3 oozes
  2 adder skeletons (D:5)
  2 worms
  3 dart slugs
  3 leopard geckos
  53 orcs
  3 bats
  A bat zombie (D:5)
  8 giant cockroaches
  7 goblins
  7 hobgoblins
  5 jackals
  16 kobolds
  2 quokkas
  4 ball pythons
  A ball python skeleton (D:4)
  2 frilled lizards (D:1)
  13 rats
  2 fungi
  5 plants
661 creatures vanquished.

Vanquished Creatures (others)
  A polar bear (IceCv)
  A hell hound (Volcano)
  Dowan (D:5)
  An adder (D:5)
  4 fungi
  2 plants
10 creatures vanquished.

Grand Total: 671 creatures vanquished

Notes
Turn   | Place    | Note
-------+----------+-------------------------------------------
     0 | D:1      | grindst0ne the Formicid Fighter began the quest for the Orb.
     0 | D:1      | Reached XP level 1. HP: 18/18 MP: 1/1
   153 | D:1      | Reached XP level 2. HP: 24/24 MP: 2/2
   496 | D:1      | Reached XP level 3. HP: 30/30 MP: 3/3
   935 | D:2      | Reached XP level 4. HP: 34/37 MP: 4/4
   946 | D:2      | Found a faded altar of an unknown god.
  1022 | D:2      | Found a glowing golden altar of the Shining One.
  1123 | D:2      | Became a worshipper of the Shining One
  1757 | D:3      | Noticed an ogre
  1763 | D:3      | Killed an ogre
  1763 | D:3      | Reached skill level 5 in Shields
  1763 | D:3      | Reached XP level 5. HP: 32/43 MP: 5/5
  1978 | D:3      | Reached XP level 6. HP: 22/50 MP: 6/6
  2076 | D:3      | Found a glowing drain.
  2106 | Sewer    | Entered a sewer
  2130 | Sewer    | Reached skill level 5 in Fighting
  2533 | Sewer    | Reached XP level 7. HP: 48/56 MP: 7/7
  2997 | D:3      | Reached * piety under the Shining One
  3315 | D:4      | Reached skill level 5 in Axes
  3548 | D:4      | Reached XP level 8. HP: 50/64 MP: 8/8
  3601 | D:4      | HP: 3/64 [ogre/giant spiked club (18)]
  3885 | D:5      | Entered Level 5 of the Dungeon
  4134 | D:5      | Found a shimmering altar of Xom.
  4207 | D:5      | Noticed Duvessa
  4210 | D:5      | Noticed Dowan
  4227 | D:5      | Killed Duvessa
  4243 | D:5      | Killed Dowan
  4649 | D:5      | Found an ancient bone altar of Kikubaaqudgha.
  4976 | D:6      | Reached XP level 9. HP: 13/74 MP: 9/9
  5718 | D:7      | Noticed letownia2's ghost (amateur GnSk)
  5920 | D:7      | Killed letownia2's ghost
  5945 | D:7      | Reached ** piety under the Shining One
  6115 | D:7      | Found a staircase to the Ecumenical Temple.
  6240 | D:7      | Noticed a hippogriff
  6245 | D:7      | Killed a hippogriff
  6245 | D:7      | Reached skill level 10 in Shields
  6328 | D:7      | Noticed a hippogriff
  6347 | D:7      | Killed a hippogriff
  6347 | D:7      | Reached XP level 10. HP: 42/83 MP: 13/13
  7016 | D:8      | Found Famoplas's Antique Armour Shop.
  7022 | D:8      | Bought a smoking chain mail for 237 gold pieces
  7032 | D:8      | Identified the +5 chain mail "Seisonepua" {rN+ MR+} (You bought it in a shop on level 8 of the Dungeon)
  7073 | D:8      | Reached skill level 5 in Evocations
  7381 | D:8      | Found Donakefra's Weapon Shoppe.
  7398 | D:8      | Bought a +0 battleaxe of chopping for 117 gold pieces
  7400 | D:8      | Found Qiogesew's Antique Armour Shoppe.
  7409 | D:8      | Reached skill level 10 in Fighting
  7485 | D:8      | Found Ipradioc's Magic Scroll Boutique.
  7488 | D:8      | Bought a scroll of identify for 22 gold pieces
  7488 | D:8      | Bought a scroll of magic mapping for 38 gold pieces
  7488 | D:8      | Bought a scroll of remove curse for 33 gold pieces
  7488 | D:8      | Bought a scroll of fog for 22 gold pieces
  8179 | D:9      | Found an opulent altar of Gozag.
  8236 | D:9      | Reached *** piety under the Shining One
  8395 | D:9      | Reached XP level 11. HP: 52/93 MP: 15/15
  8703 | D:10     | Entered Level 10 of the Dungeon
  8736 | D:10     | Noticed an unseen horror
  8742 | D:10     | Killed an unseen horror
  8870 | D:10     | Found a snail-covered altar of Cheibriados.
  9046 | D:10     | Found a blossoming altar of Fedhas.
  9519 | D:11     | Noticed a cyan ugly thing
  9527 | D:11     | Killed a cyan ugly thing
  9600 | D:11     | Found a shadowy altar of Dithmenos.
  9611 | D:11     | Found Kicyokam's Antique Armour Boutique.
  9629 | D:11     | Reached **** piety under the Shining One
  9659 | D:11     | Found a staircase to the Lair.
  9806 | D:11     | Noticed a two-headed ogre
  9816 | D:11     | Killed a two-headed ogre
  9927 | D:11     | Got an ancient scale mail
  9938 | D:11     | Identified the cursed +0 scale mail "Vutethim" {rF+ rC+ MP-9 Dex+3} (You found it on level 11 of the Dungeon)
 10021 | D:11     | Reached ***** piety under the Shining One
 10045 | D:11     | Found a staircase to the Orcish Mines.
 10258 | Lair:1   | Entered Level 1 of the Lair of Beasts
 10559 | Lair:1   | Reached skill level 1 in Invocations
 10559 | Lair:1   | Reached XP level 12. HP: 21/103 MP: 16/16
 12429 | Lair:2   | Noticed a death yak
 12430 | Lair:2   | Noticed a death yak
 12450 | Lair:2   | Killed a death yak
 12450 | Lair:2   | Reached skill level 5 in Invocations
 12453 | Lair:2   | Killed a death yak
 13262 | Lair:2   | Noticed a queen ant
 13279 | Lair:2   | Killed a queen ant
 13279 | Lair:2   | Reached XP level 13. HP: 35/112 MP: 19/19
 14104 | Lair:3   | Noticed an eight-headed hydra
 14109 | Lair:3   | Killed an eight-headed hydra
 14153 | Lair:3   | Identified the Papyrus of Assistive Poisoning
 14263 | Lair:3   | Reached skill level 15 in Shields
 14757 | Lair:3   | Got a scintillating sapphire amulet
 14964 | Lair:3   | Reached skill level 10 in Invocations
 15054 | Lair:3   | Identified the amulet of the Salmon {Gourm +Fly MR+ Int-3 Stlth+} (You found it on level 3 of the Lair of Beasts)
 15115 | Lair:4   | Found a dark tunnel.
 15124 | Volcano  | Entered a volcano
 15820 | Volcano  | Found a radiant altar of Vehumet.
 16185 | Lair:4   | Found a staircase to the Swamp.
 16191 | Lair:4   | Found a hole to the Spider Nest.
 16896 | Lair:5   | Noticed a five-headed hydra
 16904 | Lair:5   | Killed a five-headed hydra
 16999 | Lair:5   | Found a snail-covered altar of Cheibriados.
 17054 | Lair:5   | Found a staircase to the Slime Pits.
 18291 | Lair:5   | Reached XP level 14. HP: 101/121 MP: 23/23
 18306 | Lair:5   | Identified a scroll of acquirement
 19108 | Lair:6   | Entered Level 6 of the Lair of Beasts
 19199 | Lair:6   | Reached skill level 5 in Armour
 20677 | Lair:6   | Reached skill level 1 in Long Blades
 21565 | D:8      | Bought an embroidered cloak for 210 gold pieces
 21565 | D:8      | Bought an embroidered scarf for 224 gold pieces
 22128 | D:12     | Noticed Azrael
 22146 | D:12     | Killed Azrael
 22162 | D:12     | Reached ****** piety under the Shining One
 22225 | D:12     | Noticed Josephine
 22228 | D:12     | Killed Josephine
 22261 | D:12     | Reached XP level 15. HP: 72/127 MP: 25/25
 22375 | D:12     | Noticed Maurice
 22395 | D:12     | Killed Maurice
 22487 | D:12     | Found a portal to a secret trove of treasure.
 23164 | D:13     | Reached skill level 15 in Invocations
 23209 | D:13     | Reached skill level 1 in Dodging
 23835 | D:14     | Found a frozen archway.
 23854 | IceCv    | Entered an ice cave
 25856 | IceCv    | Noticed a frost giant
 25873 | IceCv    | Killed a frost giant
 25873 | IceCv    | Reached skill level 15 in Fighting
 26954 | D:14     | Noticed Roxanne
 26989 | D:14     | HP: 1/129 [Roxanne/orb of energy (37)]
 26991 | D:14     | Killed from afar by Roxanne

Skill      XL: |  1  2  3  4  5  6  7  8  9 10 11 12 13 14 15 |
---------------+----------------------------------------------+-----
Shields        | 4 5 6 8 10 11 13 14 15 | 15.0
Fighting       | 4 5 6 7 9 11 12 13 14 15 | 15.2
Axes           | 3 4 5 6 8 |  8.1
Evocations     | 4 6 |  6.0
Invocations    | 1 8 12 14 15 | 15.0
Armour         | 4 7 9 |  9.6
Long Blades    | 3 |  3.3
Dodging        | 4 |  4.5

Action                   |  1- 3 |  4- 6 |  7- 9 | 10-12 | 13-15 || total
-------------------------+-------+-------+-------+-------+-------++-------
Melee: War axe           |    73 |   142 |   313 |    63 |       ||   591
       Battleaxe         |       |       |       |   522 |   290 ||   812
       Broad axe         |       |       |       |       |   948 ||   948
Invok: Divine Shield     |       |       |       |     1 |     1 ||     2
       Cleansing Flame   |       |       |       |       |     2 ||     2
 Abil: Dig               |     1 |     4 |     2 |     6 |    47 ||    60
       Evoke Flight      |       |       |       |       |     1 ||     1
Evoke: Wand              |       |       |     2 |     4 |    46 ||    52
  Use: Potion            |       |       |     4 |     2 |    13 ||    19
       Scroll            |       |       |     9 |     8 |     8 ||    25
  Eat: Chunk             |     1 |     6 |     9 |    21 |    58 ||    95
       Ration            |       |       |     1 |     1 |     2 ||     4
Armor: Scale mail        |    24 |    50 |    83 |     9 |    40 ||   206
       Chain mail        |       |       |       |   307 |    67 ||   374
       Plate armour      |       |       |       |       |   604 ||   604
Dodge: Dodged            |    29 |    33 |    92 |   185 |   251 ||   590
Block: Shield            |    33 |    78 |   209 |   460 |   973 ||  1753
